 Dungeon Crawl Stone Soup version 0.26-a0-631-ged93497179 (webtiles) character file.

Game seed: 4874184015367008128

1348 Drevant2 the Spear-Bearer (level 8, -13/58 HPs)
             Began as a Merfolk Gladiator on Sept 13, 2020.
             Was a Follower of Okawaru.
             Mangled by an orc warrior
             ... wielding a +0 battleaxe
              (17 damage)
             ... on level 6 of the Dungeon.
             The game lasted 00:17:23 (6975 turns).

Drevant2 the Spear-Bearer (Merfolk Gladiator)       Turns: 6975, Time: 00:17:24

Health: -13/58     AC:  5    Str: 15    XL:     8   Next: 62%
Magic:  8/8        EV: 14    Int:  8    God:    Okawaru [*.....]
Gold:   302        SH:  0    Dex: 16    Spells: 7/7 levels left

rFire    . . .     SeeInvis .   a - +0 trident
rCold    . . .     Faith    .   (no shield)
rNeg     . . .     Spirit   .   b - +0 leather armour
rPois    .         Reflect  .   c - +0 helmet
rElec    .         Harm     .   p - +0 cloak
rCorr    .         Rampage  .   (no gloves)
MR       .....                  (no boots)
Stlth    +.........             (no amulet)
HPRegen  0.19/turn              (no ring)
MPRegen  0.11/turn              (no ring)

@: slowed, very slow
A: change form in water, swift swim, stealthy swim
a: Heroism, Renounce Religion


You were on level 6 of the Dungeon.
You worshipped Okawaru.
Okawaru was aware of your devotion.
You visited 1 branch of the dungeon, and saw 6 of its levels.

You collected 302 gold pieces.

Inventory:

Hand Weapons
 a - a +0 trident (weapon)
 n - a +3 falchion
Missiles
 i - 5 boomerangs (quivered)
Armour
 b - a +0 leather armour (worn)
 c - a +0 helmet (worn)
 p - a +0 cloak (worn)
Jewellery
 j - an uncursed ring of ice
 k - an uncursed ring of fire
 o - an uncursed ring of wizardry {unknown}
Wands
 d - a wand of random effects (13)
 t - a wand of digging (5)
Scrolls
 e - 2 scrolls of identify
 h - 2 scrolls of remove curse
 r - a scroll of magic mapping {unknown}
 s - a scroll of enchant weapon {unknown}
Potions
 g - a potion of flight
 m - a potion of stabbing


   Skills:
 + Level 3.2 Fighting
 * Level 14.0 Polearms
 - Level 2.0 Throwing
 + Level 4.4 Dodging


You had 7 spell levels left.
You didn't know any spells.
Your spell library was empty.

Dungeon Overview and Level Annotations

Branches:
Dungeon (6/15)             Temple (0/1) D:6

Altars:
Okawaru
Uskayaw
Xom

Annotations:
D:5 Dowan, Duvessa, Edmund


Message History

The orc wizard closely misses you.
The orc warrior struggles against the net.
The orc priest looks encouraged for a moment.
You puncture the orc wizard!
You kill the orc wizard!
Okawaru accepts your kill.
Your Polearms skill increases to level 14!
The orc warrior struggles against the net.
The net rips apart, and the orc warrior comes free!
The orc wizard gestures wildly while chanting.
The orc wizard flickers and vanishes!
Deactivating autopickup; reactivate with Ctrl-A.
Things that are here:
a +0 dagger; a +0 robe; an orc corpse
As you read the scroll labeled DOALAMP NERCHIW, it crumbles to dust.
The creatures around you are filled with an inner flame!
It was a scroll of immolation.
The orc priest casts a cantrip, but nothing happens.
The orc warrior hits you with a +0 battleaxe!
You die...

..... .# #...# .# #...# .#
#...# .# #...# #.####...#
#........#
.#####..################.#
................@o.o.....#
.#########################
##


You could see an orc warrior (inner flame) and an orc priest (inner flame).

Vanquished Creatures
  Pikel (D:4)
  A phantom (D:5)
  3 lemures
  Blork the orc (D:4)
  3 howler monkeys (D:4)
  A hound (D:4)
  4 orc priests
  3 orc wizards
  An iguana (D:6)
  3 worker ants
  7 gnolls
  4 adders
  An ooze (D:2)
  An adder zombie (D:5)
  7 worms
  4 dart slugs
  4 leopard geckos
  19 orcs
  8 bats
  3 giant cockroaches
  7 goblins
  8 hobgoblins
  13 jackals
  4 quokkas
  3 ball pythons
  7 frilled lizards
  10 kobolds
  13 rats
144 creatures vanquished.

Notes
Turn   | Place    | Note
-------+----------+-------------------------------------------
     0 | D:1      | Drevant2 the Merfolk Gladiator began the quest for the Orb.
     0 | D:1      | Reached XP level 1. HP: 16/16 MP: 1/1
   104 | D:1      | Reached skill level 5 in Polearms
   116 | D:1      | Reached XP level 2. HP: 22/22 MP: 2/2
   782 | D:1      | Reached skill level 6 in Polearms
   782 | D:1      | Reached XP level 3. HP: 27/27 MP: 3/3
  1402 | D:2      | Found a faded altar of an unknown god.
  1625 | D:2      | Found an iron altar of Okawaru.
  1645 | D:2      | Reached skill level 7 in Polearms
  1645 | D:2      | Reached XP level 4. HP: 23/33 MP: 4/4
  2363 | D:2      | Reached skill level 8 in Polearms
  2363 | D:2      | Reached XP level 5. HP: 31/38 MP: 5/5
  2691 | D:2      | Became a worshipper of Warmaster Okawaru
  2984 | D:3      | Found a hide-covered altar of Uskayaw.
  3248 | D:3      | Reached skill level 9 in Polearms
  3790 | D:3      | Reached XP level 6. HP: 39/44 MP: 6/6
  4289 | D:3      | Reached skill level 10 in Polearms
  4896 | D:4      | Noticed Pikel
  5158 | D:4      | Reached skill level 11 in Polearms
  5158 | D:4      | Reached XP level 7. HP: 50/50 MP: 7/7
  5274 | D:4      | Noticed Blork the orc
  5392 | D:5      | Entered Level 5 of the Dungeon
  5392 | D:5      | Noticed Edmund
  5495 | D:4      | Killed Pikel
  5495 | D:4      | Reached * piety under Okawaru
  5495 | D:4      | Reached skill level 13 in Polearms
  5495 | D:4      | Reached XP level 8. HP: 42/57 MP: 8/8
  5778 | D:5      | Noticed Dowan
  5779 | D:5      | Noticed Duvessa
  5814 | D:4      | Found a shimmering altar of Xom.
  6420 | D:4      | Killed Blork the orc
  6890 | D:6      | Found a staircase to the Ecumenical Temple.
  6973 | D:6      | Reached skill level 14 in Polearms
  6975 | D:6      | Mangled by an orc warrior

Illustrated notes

Levels and vault maps discovered:
D:1:      scummos_arrival_hexagon, layout_loops_ring
D:2:      layout_basic, okawaru_ov_weapons_minmay,
          chequers_ecumenical_altar_simple_redux
D:3:      cheibrodos_pilgrimage, layout_loops_ring,
          nicolae_overflow_crystal_walls
D:4:      layout_rooms, xom_butterflies, uniq_blork_the_orc, uniq_pikel
D:5:      layout_cave_pools, uniq_duvessa, uniq_edmund, uniq_grinder
D:6:      layout_loops_ring, nicolae_tso_carved_into_rock,
          minmay_temple_entry_proselytizer, cheibrodos_sewer_entry_bend

Skill      XL: |  1  2  3  4  5  6  7  8 |
---------------+-------------------------+-----
Polearms       | 5 6 7 8 9 11 13 14 | 14.0
Fighting       | 3 |  3.2
Throwing       | |  2.0
Dodging        | |  4.4

Action                   |  1- 3 |  4- 6 |  7- 9 || total
-------------------------+-------+-------+-------++-------
Melee: Trident           |   143 |   296 |   186 ||   625
Throw: Throwing net      |     1 |       |     3 ||     4
       Boomerang         |       |       |     1 ||     1
Invok: Heroism           |       |       |     1 ||     1
  Use: Potion            |       |       |     4 ||     4
       Scroll            |       |       |     7 ||     7
 Stab: Held in net/web   |     3 |       |     1 ||     4
       Sleeping          |       |     3 |       ||     3
Armor: Leather armour    |    32 |    39 |    10 ||    81
       Skin              |       |       |    11 ||    11
Dodge: Dodged            |    79 |   124 |    71 ||   274

Table legend: (Time is in decaauts)
 A = Elapsed time spent in this place.
 B = Non-inter-level travel time spent in this place.
 C = Inter-level travel time spent in this place.
 D = Time resting spent in this place.
 E = Time spent auto-exploring this place.
 F = Levels seen in this place.
 G = Mean time per level.
                   A        B        C        D        E       F      G
               +--------+--------+--------+--------+--------+-----+--------+
         Total |   6879 |   6001 |    878 |   2966 |   1901 |   6 | 1146.5 |
       Dungeon |   6879 |   6001 |    878 |   2966 |   1901 |   6 | 1146.5 |
               +--------+--------+--------+--------+--------+-----+--------+

Top non-repeatable levels by time:
     D:3: 2531 daAuts
     D:2: 1749 daAuts
     D:1: 1166 daAuts
     D:4: 984 daAuts
     D:6: 246 daAuts
     D:5: 201 daAuts
